 Dungeon Crawl Stone Soup version 0.22.1-1-ga44c0e56f4 (webtiles) character file.

74 Anathary the Sneak (level 4, -6/23 HPs)
             Began as a Spriggan Assassin on Oct 11, 2018.
             Mangled by Sigmund
             ... wielding a +0 scythe
              (11 damage)
             ... on level 2 of the Dungeon.
             The game lasted 00:07:04 (1775 turns).

Anathary the Sneak (Spriggan Assassin)              Turns: 1775, Time: 00:07:05

Health: -6/23      AC:  3    Str:  7    XL:     4   Next: 10%
Magic:  5/5        EV: 17    Int: 12    God:
Gold:   45         SH:  0    Dex: 18    Spells: 3/3 levels left

rFire    . . .     SeeInvis +   a - +2 dagger
rCold    . . .     Gourm    .   (shield restricted)
rNeg     . . .     Faith    .   c - +0 robe
rPois    .         Spirit   .   (helmet restricted)
rElec    .         Reflect  .   j - +0 cloak
rCorr    .         Harm     .   (gloves unavailable)
MR       .....                  (boots unavailable)
Stlth    ++........             (no amulet)
HPRegen  0.07/turn              (no ring)
MPRegen  0.09/turn              (no ring)

@: confused, very quick
A: very small, unfitting armour, see invisible, herbivore, speed 3, slow
metabolism 2
a: no special abilities


You were on level 2 of the Dungeon.
You were not hungry.

You visited 1 branch of the dungeon, and saw 2 of its levels.

You collected 45 gold pieces.

Inventory:

Hand Weapons
 a - a +2 dagger (weapon)
 b - a +0 blowgun
Missiles
 e - 38 poisoned needles
 f - 2 curare-tipped needles
Armour
 c - a +0 robe (worn)
 j - a +0 cloak (worn)
Scrolls
 d - 3 scrolls of enchant weapon {unknown}
 i - a scroll of remove curse {unknown}
 k - a scroll of identify {unknown}
 l - a scroll of fog {unknown}
 n - 2 scrolls of enchant armour {unknown}
Potions
 h - a potion of curing
 m - a potion of haste {unknown}
 o - a potion of cancellation {unknown}
Comestibles
 g - 2 rations


   Skills:
 + Level 1.7 Fighting
 + Level 2.8 Short Blades
 - Level 2.0 Throwing
 + Level 2.0 Dodging
 * Level 7.8 Stealth


You had 3 spell levels left.
You didn't know any spells.
Your spell library was empty.

Dungeon Overview and Level Annotations

Branches:
Dungeon (2/15)

Altars:
The Shining One

Annotations:
D:2 Sigmund


Innate Abilities, Weirdness & Mutations

You are very small and have problems with some larger weapons.
You are too small for most types of armour.
You have supernaturally acute eyesight. (SInv)
You are a herbivore.
You cover ground extremely quickly.
You need to consume almost no food.


Message History

You bump into the rock wall.
You feel less confused.
You hit Sigmund.
Sigmund is lightly wounded.
Sigmund barely misses you.
You hit Sigmund.
Sigmund is moderately wounded.
You hit Sigmund.
Sigmund is moderately wounded.
Sigmund closely misses you.
You hit Sigmund.
Sigmund is moderately wounded.
Sigmund gestures wildly while chanting.
Sigmund flickers and vanishes for a moment.
You hit Sigmund.
Sigmund is heavily wounded.
Sigmund points at you and mumbles some strange words.
You are confused.
You're too confused to move!
Sigmund hits you with a scythe!
You die...

## ### #@. ..# .......#.#
#.# # .....$.#S# #.#.#
.......#.########.#%#####
(......+.......@@........
.....w..#.###.####.#.#.##
....S...+.......@..#
...s...#.###.######
................
..........###.###
.[........# #.#
#+#######.###.# ..
#......##.#


You could see Sigmund (invisible).

Vanquished Creatures
  A gnoll (D:1)
  3 adders (D:2)
  2 dart slugs (D:1)
  2 leopard geckos (D:1)
  3 bats (D:1)
  3 goblins
  4 hobgoblins
  3 jackals (D:1)
  A quokka (D:2)
  A ball python (D:2)
  2 frilled lizards
  3 kobolds (D:1)
  4 rats
32 creatures vanquished.

Notes
Turn   | Place    | Note
-------+----------+-------------------------------------------
     0 | D:1      | Anathary the Spriggan Assassin began the quest for the Orb.
     0 | D:1      | Reached XP level 1. HP: 10/10 MP: 2/2
   158 | D:1      | Reached skill level 6 in Stealth
   479 | D:1      | Reached XP level 2. HP: 15/15 MP: 3/3
   813 | D:1      | Reached skill level 7 in Stealth
   827 | D:1      | Reached XP level 3. HP: 17/18 MP: 4/4
  1673 | D:2      | Found a glowing golden altar of the Shining One.
  1714 | D:2      | Noticed Sigmund
  1733 | D:2      | Reached XP level 4. HP: 22/23 MP: 5/5
  1775 | D:2      | Mangled by Sigmund

Skill      XL: |  1  2  3 |
---------------+----------+-----
Stealth        | 6 7 |  7.8
Dodging        | 2 |  2.0
Fighting       | |  1.7
Short Blades   | |  2.8
Throwing       | |  2.0

Action                   |  1- 3 |  4- 6 || total
-------------------------+-------+-------++-------
Melee: Dagger            |   116 |    12 ||   128
  Use: Potion            |     1 |       ||     1
 Stab: Distracted        |     1 |       ||     1
       Sleeping          |     5 |       ||     5
Armor: Robe              |    21 |       ||    21
Dodge: Dodged            |    75 |    17 ||    92
